[Event "Early-Titled-Tuesday-Blitz-January-16-2024"]
[Site "Chess.com"]
[Date "2024.01.16"]
[Round "4"]
[White "pfalcon1949"]
[Black "LangesNasenhaar"]
[Result "0-1"]
[WhiteElo "1978"]
[BlackElo "2431"]
[TimeControl "180+1"]
[EndTime "8:40:49 PST"]
[Termination "LangesNasenhaar won by resignation"]

1. e4 g6 2. d4 Bg7 3. Nc3 c6 4. f4 d5 5. e5 h5 6. Be2 Nh6 7. Nf3 Bg4 8. Be3 Nf5 9. Bf2 e6 10. O-O a5 11. h3 Bxf3 12. Bxf3 h4 13. Kh2 b5 14. a3 Nd7 15. b3 Bf8 16. Ne2 Nb6 17.
a4 b4 18. c3 bxc3 19. Nxc3 Be7 20. Rc1 Kf8 21. Qd3 Kg7 22. Bg4 Nd7 23. Nd1 Qb6 24.
Ne3 Rab8 25. Nxf5+ gxf5 26. Bd1 Rbc8 27. g4 hxg3+ 28.
Qxg3+ Kf8 29. Rg1 Ke8 30. Qg7 Rf8 31. Rg3 Qb4 32. Bh5 Qd2 33. Rf1 Qxf4 34. Kg2 c5 35.
Be3 Qe4+ 36. Bf3 Qxe3 37. Rf2 Qxd4 38. h4 Bxh4 39. Rf1 Bxg3 0-1

[Event "Early-Titled-Tuesday-Blitz-January-16-2024"]
[Site "Chess.com"]
[Date "2024.01.16"]
[Round "4"]
[White "RodokininEV"]
[Black "wonderfultime"]
[Result "0-1"]
[WhiteElo "2614"]
[BlackElo "2987"]
[TimeControl "180+1"]
[EndTime "8:40:52 PST"]
[Termination "wonderfultime won by checkmate"]

1. c4 c6 2. Nf3 d5 3. g3 Nf6 4.
Bg2 g6 5. O-O Bg7 6. d4 O-O 7.
Nc3 dxc4 8. Ne5 Ng4 9. Nf3 Nd7 10. e4 e5 11. d5 Re8 12. Qe2 Nb6 13. Rd1 Qe7 14. h3 Nf6 15. a4 cxd5 16. exd5 Bf5 17. Ne1 Rad8 18. a5 Nc8 19. Qxc4 Nd6 20. Qb3 e4 21.
Be3 a6 22. Nc2 h5 23. Nd4 Bc8 24. Rd2 h4 25. g4 Nxg4 26. hxg4 Bxg4 27. Na4 h3 28.
Bh1 Be5 29. Nc5 Qh4 30. Nxb7 Rb8 31. Nxd6 Rxb3 32. Nxe8 Rxe3 33. fxe3 h2+ 34. Kf1 Qh3+ 35. Ke1 Qxe3+ 36. Ne2 Qg1+ 37. Nxg1 hxg1=Q# 0-1

[Event "Early-Titled-Tuesday-Blitz-January-16-2024"]
[Site "Chess.com"]
[Date "2024.01.16"]
[Round "4"]
[White "Soledadense88"]
[Black "yaguigor"]
[Result "0-1"]
[WhiteElo "2405"]
[BlackElo "2654"]
[TimeControl "180+1"]
[EndTime "8:40:53 PST"]
[Termination "yaguigor won by resignation"]

1. d4 d5 2. Nc3 Nf6 3. Bf4 a6 4.
e3 e6 5. g4 b5 6. g5 Ne4 7.
Nxe4 dxe4 8. Bg2 Bb7 9. Ne2 Nd7 10. Ng3 f5 11. gxf6 Nxf6 12. Be5 Bd6 13. Bxf6 Qxf6 14. Nxe4 Bxe4 15. Bxe4 O-O 16. f4 Qh4+ 17. Kd2 Rad8 18. Qe2 c5 19. c3 cxd4 20. cxd4 Bxf4 21. exf4 Rxd4+ 22. Kc2 Rxf4 23. Bf3 Qf6 24. Rhf1 Qf5+ 25. Kc1 Rc4+ 26. Kd1 Rfd4+ 27. Ke1 Rc5 28. Qe3 Re5 29.
Be4 Rdxe4 30. Rxf5 Rxe3+ 31. Kf2 exf5 0-1

[Event "Early-Titled-Tuesday-Blitz-January-16-2024"]
[Site "Chess.com"]
[Date "2024.01.16"]
[Round "4"]
[White "The_Straightforward_Rook"]
[Black "nikitadovbnya2008"]
[Result "1-0"]
[WhiteElo "2468"]
[BlackElo "2178"]
[TimeControl "180+1"]
[EndTime "8:40:53 PST"]
[Termination "The_Straightforward_Rook won by checkmate"]

1. e4 c5 2. c3 d5 3. exd5 Qxd5 4. Nf3 e6 5. Na3 Nf6 6. Bc4 Qd8 7. d4 Nc6 8. O-O cxd4 9. Nb5 a6 10. Nbxd4 Nxd4 11. Qxd4 Qxd4 12. Nxd4 Bc5 13. Rd1 Ke7 14. a4 Rd8 15.
Be3 Bd6 16. Re1 Bd7 17. Bg5 Kf8 18. Rad1 Be8 19. a5 Rac8 20. Bxe6 fxe6 21. Nxe6+ Kf7 22. Nxd8+ Rxd8 23. Rd2 Bxh2+ 24. Kxh2 Rxd2 25. Bxd2 Bc6 26. f3 Bd5 27. Bg5 Ng8 28. Kg3 h6 29. Bd8 h5 30.
Kf4 Nf6 31. Bxf6 gxf6 32. Rd1 Be6 33. Rd6 Ke7 34. Rb6 Bc8 35. b4 h4 36. c4 Kf7 37.
b5 Ke7 38. bxa6 bxa6 39. c5 Kf7 40. Ke4 Ke7 41. Kd5 Bf5 42. Rb7+ Kd8 43. Kd6 Kc8 44. Rf7 Bd3 45. Rxf6 Bf1 46. Rg6 Bd3 47. Rg7 h3 48. c6 Bc4 49. gxh3 Kb8 50. h4 Bd3 51. h5 Bc2 52. h6 Bf5 53. h7 Bxh7 54. Rxh7 Ka8 55. f4 Kb8 56. f5 Kc8 57. Rh8# 1-0

[Event "Early-Titled-Tuesday-Blitz-January-16-2024"]
[Site "Chess.com"]
[Date "2024.01.16"]
[Round "4"]
[White "Garbaranza"]
[Black "Iskusnyh"]
[Result "1-0"]
[WhiteElo "2441"]
[BlackElo "2643"]
[TimeControl "180+1"]
[EndTime "8:40:55 PST"]
[Termination "Garbaranza won by checkmate"]

1. e4 e6 2. Nc3 d5 3. Nf3 Nf6 4. e5 Nfd7 5. d4 c5 6. dxc5 Nc6 7. Bg5 Qa5 8. a3 Ndxe5 9. Nxe5 Nxe5 10. b4 Qc7 11.
Bb5+ Nc6 12. O-O Be7 13. Bxe7 Qxe7 14. Re1 O-O 15. Nxd5 Qd8 16. Bxc6 bxc6 17. Nc3 Qh4 18. Ne4 a5 19. c3 e5 20. Nd6 Bg4 21. f3 Be6 22.
Rxe5 h6 23. Re4 Qg5 24. Qc1 Qf6 25. Rd4 Qg6 26. Ne4 Bd5 27. Ng3 Rfe8 28. Rg4 Qe6 29. Nh5 g6 30. Qxh6 axb4 31. Qg7# 1-0

[Event "Early-Titled-Tuesday-Blitz-January-16-2024"]
[Site "Chess.com"]
[Date "2024.01.16"]
[Round "4"]
[White "Zohid6"]
[Black "almaguerjm"]
[Result "1-0"]
[WhiteElo "2819"]
[BlackElo "2494"]
[TimeControl "180+1"]
[EndTime "8:40:55 PST"]
[Termination "Zohid6 won by resignation"]

1. e4 e5 2. Nf3 Nc6 3. Bb5 a6 4. Ba4 d6 5. c3 Bd7 6. O-O Nf6 7. Re1 g6 8. d4 Bg7 9. h3 O-O 10. Bc2 Nh5 11. a4 Kh8 12. Be3 f5 13. exf5 Bxf5 14. Bxf5 gxf5 15. Nxe5 dxe5 16. Qxh5 f4 17. Bd2 exd4 18.
Na3 f3 19. g3 Qd7 20. Rad1 Rf5 21. Qg4 Raf8 22. Nc2 h5 23. Qe4 Re5 24. Qh4 Re2 25.
Qxh5+ Kg8 26. cxd4 Ne5 27. dxe5 Rxd2 28. e6 Qd5 29.
Qxd5 1-0

[Event "Early-Titled-Tuesday-Blitz-January-16-2024"]
[Site "Chess.com"]
[Date "2024.01.16"]
[Round "4"]
[White "Grischuk"]
[Black "djano"]
[Result "1-0"]
[WhiteElo "3081"]
[BlackElo "2630"]
[TimeControl "180+1"]
[EndTime "8:40:56 PST"]
[Termination "Grischuk won on time"]

1. d4 Nf6 2. c4 g6 3. g3 Bg7 4.
Bg2 O-O 5. Nc3 d6 6. Nf3 c5 7. dxc5 dxc5 8. Qxd8 Rxd8 9. Ne5 Nfd7 10. Nd3 Nc6 11.
Bd2 Nde5 12. Nxe5 Nxe5 13. b3 Nc6 14. O-O-O Bf5 15. Bxc6 bxc6 16. Na4 e5 17. Be3 a5 18.
Bxc5 Bh6+ 19. Be3 Bf8 20. Kb2 f6 21. Bc5 Bh6 22. Kc3 Kf7 23. Bb6 Rdb8 24. f3 Be6 25. Rd3 Ra6 26. Be3 Bf8 27. Bc5 Bh6 28. Rhd1 f5 29.
Bd6 Rc8 30. Bxe5 Bf8 31. f4 Re8 32. Rd8 Bb4+ 33. Kc2 Ra8 34. Rxa8 Rxa8 35. Bd6 Bxd6 36. Rxd6 Rc8 37. Nc5 1-0

[Event "Early-Titled-Tuesday-Blitz-January-16-2024"]
[Site "Chess.com"]
[Date "2024.01.16"]
[Round "4"]
[White "aloe_normansen"]
[Black "Talent-OF-Slovenia"]
[Result "0-1"]
[WhiteElo "2572"]
[BlackElo "2391"]
[TimeControl "180+1"]
[EndTime "8:40:56 PST"]
[Termination "Talent-OF-Slovenia won on time"]

1. e4 c6 2. d4 d5 3. e5 Bf5 4. h4 h5 5. c4 e6 6. Nc3 Ne7 7. Nge2 Bg6 8. Nf4 Nd7 9. Nxg6 Nxg6 10. g3 dxc4 11. Bxc4 c5 12. Be3 cxd4 13. Bxd4 Ngxe5 14. Bb5 Nc6 15. Be3 Bc5 16. Bxc5 Nxc5 17. Qf3 Qb6 18. O-O Ke7 19. Rfe1 Rhd8 20. Qxh5 Nd4 21. Bc4 Nc2 22. Re5 Nxa1 23. Rxc5 Rac8 24. Qg5+ Kf8 25. Rb5 Qd4 26.
Rxb7 Rd7 27. Rxd7 Qxd7 28. Be2 Nc2 0-1

[Event "Early-Titled-Tuesday-Blitz-January-16-2024"]
[Site "Chess.com"]
[Date "2024.01.16"]
[Round "4"]
[White "DonJuanEGenaro"]
[Black "Zapateado"]
[Result "0-1"]
[WhiteElo "1867"]
[BlackElo "2362"]
[TimeControl "180+1"]
[EndTime "8:40:56 PST"]
[Termination "Zapateado won by resignation"]

1. d4 d5 2. Nf3 Nf6 3. c4 c6 4.
cxd5 cxd5 5. Nc3 a6 6. a3 Nc6 7. Bf4 Bg4 8. Ne5 e6 9. Nxg4 Nxg4 10. e4 Nf6 11. exd5 Nxd5 12. Bg3 Be7 13. Bd3 Bf6 14. Ne4 Bxd4 15. Nd6+ Kf8 16. O-O Be5 17. Nxb7 Qb6 18. Nd6 Bxb2 19. Rb1 Nc3 20. Qc2 Nxb1 21. Rxb1 Rb8 22.
Nc4 Qb3 23. Nd6 Qxc2 24. Nxf7 Qxb1+ 25. Bxb1 Kxf7 26. Bxb8 Rxb8 27. Be4 Be5 28. g3 Nd4 29. Kg2 Bd6 30. a4 Rb4 0-1

[Event "Early-Titled-Tuesday-Blitz-January-16-2024"]
[Site "Chess.com"]
[Date "2024.01.16"]
[Round "4"]
[White "Felix-Rose"]
[Black "Jojo_898"]
[Result "0-1"]
[WhiteElo "2215"]
[BlackElo "2468"]
[TimeControl "180+1"]
[EndTime "8:40:58 PST"]
[Termination "Jojo_898 won by resignation"]

1. Nf3 Nf6 2. c4 b6 3. g3 Bb7 4. Bg2 e6 5. O-O Be7 6. b3 O-O 7. Bb2 Ne4 8. d3 Ng5 9. Nxg5 Bxg2 10. Kxg2 Bxg5 11. h4 Bf6 12. Qc2 Nc6 13. a3 Nd4 14. Qd1 d5 15. e3 Nf5 16. Bxf6 Qxf6 17. Nd2 Qg6 18. Nf3 Rad8 19. cxd5 exd5 20. d4 Rfe8 21.
Re1 Re4 22. Kh2 f6 23. Rc1 Rd7 24. Rc2 Rde7 25. Qc1 Qf7 26. Rc6 Nd6 27. Qc2 Qh5 28. Nd2 Rg4 29. Rxc7 Re8 30. Rd7 Ne4 31. Nxe4 Rgxe4 32.
Rc1 Qf5 33. Qd2 Qxd7 0-1

[Event "Early-Titled-Tuesday-Blitz-January-16-2024"]
[Site "Chess.com"]
[Date "2024.01.16"]
[Round "4"]
[White "Barmen_EV"]
[Black "KacperKacprzak"]
[Result "0-1"]
[WhiteElo "2537"]
[BlackElo "2697"]
[TimeControl "180+1"]
[EndTime "8:40:59 PST"]
[Termination "KacperKacprzak won by checkmate"]

1. d4 Nf6 2. Nc3 d5 3. Bf4 a6 4. Qd2 e6 5. e3 b5 6. a3 Bb7 7. Bd3 Nbd7 8. Nge2 c5 9. dxc5 e5 10. Bg3 e4 11. Bxb5 axb5 12. Nxb5 Bxc5 13. Nc7+ Ke7 14. Nxa8 Qxa8 15. O-O Rc8 16. a4 Kf8 17. b4 Ba7 18. Nd4 Nb6 19. Bd6+ Kg8 20. a5 Nc4 21. Qe2 Nxd6 22.
a6 Bc6 23. b5 Bd7 24. Rfb1 Nc4 25. Nc6 Bxc6 26. bxc6 Qxc6 27. Rb7 Qc5 28. Rab1 h6 29. R1b5 Qc6 30. h3 Nd6 31. Rxa7 Nxb5 32. Rb7 Qxa6 33. Rxb5 Qa1+ 34. Kh2 Qc3 35. Rb7 Qxc2 36. Qe1 Qc3 37. Qb1 Qe5+ 38. g3 d4 39. Qb2 Rd8 40. Rb4 Qf5 41. g4 Qf3 42. Rxd4 Rxd4 43. exd4 Nd5 44.
Qb8+ Kh7 45. Qe5 Qf4+ 46. Qxf4 Nxf4 47. Kg3 Ne2+ 48. Kh4 Nxd4 49. f4 Nf3+ 50. Kg3 g5 51. fxg5 hxg5 52. h4 Nxh4 53. Kh3 f5 54. Kg3 f4+ 55.
Kf2 e3+ 56. Ke2 Kg6 57. Kd3 Kf6 58. Ke4 e2 59. Kd3 e1=Q 60. Kd4 f3 61. Kc4 f2 62. Kd4 f1=Q 63. Kd5 Qd3+ 64. Kc6 Qec3+ 65. Kb6 Qb1+ 66.
Ka7 Qca1# 0-1

[Event "Early-Titled-Tuesday-Blitz-January-16-2024"]
[Site "Chess.com"]
[Date "2024.01.16"]
[Round "4"]
[White "ScofieldMichael01"]
[Black "EvgenyBurmakin"]
[Result "1-0"]
[WhiteElo "2595"]
[BlackElo "2386"]
[TimeControl "180+1"]
[EndTime "8:40:59 PST"]
[Termination "ScofieldMichael01 won on time"]

1. Nf3 Nf6 2. g3 g6 3. b3 Bg7 4. Bb2 O-O 5. Bg2 d6 6. d4 Ne4 7. O-O c5 8. Nbd2 Nxd2 9. Qxd2 Nc6 10. c4 Qa5 11. Bc3 Qc7 12. d5 Bxc3 13. Qxc3 Ne5 14.
Nxe5 dxe5 15. e4 g5 16. f4 gxf4 17. gxf4 exf4 18. e5 Bf5 19. Rxf4 Bg6 20. Raf1 Rad8 21. h4 Qd7 22. Bh3 Qc7 23. e6 f6 24. Qf3 Qe5 25.
Bf5 Kg7 26. h5 Be8 27. Re4 Qb2 28. Rf2 Qc1+ 29. Kh2 Kh8 30. Rg2 Qh6 31. Rh4 b5 32. Qf4 Qxf4+ 33. Rxf4 bxc4 34. bxc4 Bxh5 35. Rh4 Rg8 36.
Rxh5 Rxg2+ 37. Kxg2 Re8 38. Kf3 Kg8 39. Ke4 Rb8 40.
Rxh7 Re8 41. Rh2 Kg7 42. Rg2+ 1-0

[Event "Early-Titled-Tuesday-Blitz-January-16-2024"]
[Site "Chess.com"]
[Date "2024.01.16"]
[Round "4"]
[White "AttilaTurzo"]
[Black "KevinGeorgeMicheal"]
[Result "1-0"]
[WhiteElo "2483"]
[BlackElo "2242"]
[TimeControl "180+1"]
[EndTime "8:40:59 PST"]
[Termination "AttilaTurzo won by resignation"]

1. d4 Nf6 2. Bf4 e6 3. e3 d5 4. Nf3 Bd6 5. Bg3 c5 6. c3 Nc6 7. Nbd2 O-O 8. Bd3 Qc7 9. dxc5 Bxg3 10. hxg3 a5 11. g4 Ne5 12. Nxe5 Qxe5 13. Qf3 Qg5 14.
Qf4 Qxf4 15. exf4 g6 16. g5 Nd7 17. b4 axb4 18. cxb4 Ra4 19. a3 e5 20. Bb5 Ra8 21. Bxd7 Bxd7 22. fxe5 Rae8 23. f4 f6 24. gxf6 Rxf6 25.
g3 Ra6 26. Nb3 Bf5 27. Kd2 h5 28. a4 Rea8 29. a5 Bd7 30. Nd4 Rc8 31. b5 Raa8 32. Rhc1 Kf7 33. a6 bxa6 34. c6 Be8 35. b6 Rab8 36.
Rxa6 g5 37. f5 Ke7 38. Ra7+ Kf8 39. b7 Rc7 40. Ne6+ 1-0

[Event "Early-Titled-Tuesday-Blitz-January-16-2024"]
[Site "Chess.com"]
[Date "2024.01.16"]
[Round "4"]
[White "Fandorine"]
[Black "Vladimir_Zakhartsov"]
[Result "1-0"]
[WhiteElo "3002"]
[BlackElo "2851"]
[TimeControl "180+1"]
[EndTime "8:41:00 PST"]
[Termination "Fandorine won by resignation"]

1. c4 e6 2. g3 d5 3. Bg2 Nf6 4. Nf3 dxc4 5. Qa4+ Nbd7 6. Qxc4 a6 7. Qc2 c5 8. Nc3 Rb8 9. d4 cxd4 10. Nxd4 Bc5 11. Nb3 Bd6 12. O-O O-O 13. Rd1 Qe7 14. Be3 b6 15.
Nd4 Ne5 16. Bg5 h6 17. Bxf6 Qxf6 18. Ne4 Qe7 19. f4 Bb7 20. Nxd6 Bxg2 21. Kxg2 Ng4 22. Nc6 Qc7 23. Qe4 Nf6 24. Qf3 Ra8 25. Rac1 b5 26. e4 Qb6 27. Ne7+ Kh7 28. e5 Nd7 29. Ndc8 Qd8 30.
Qxa8 1-0

[Event "Early-Titled-Tuesday-Blitz-January-16-2024"]
[Site "Chess.com"]
[Date "2024.01.16"]
[Round "4"]
[White "SahibSinghKnight"]
[Black "Practical-Play"]
[Result "1-0"]
[WhiteElo "2688"]
[BlackElo "2508"]
[TimeControl "180+1"]
[EndTime "8:41:00 PST"]
[Termination "SahibSinghKnight won by resignation"]

1. e4 d5 2. exd5 Nf6 3. Nf3 Qxd5 4. Nc3 Qd6 5. d4 g6 6. g3 Bg7 7. Bg2 O-O 8. O-O Nc6 9. Bf4 Qd7 10. d5 Nb4 11. Ne5 Qd8 12. a3 Na6 13. Re1 Nc5 14.
Qd2 Ncd7 15. Nb5 a6 16. Nxf7 Rxf7 17. Nxc7 Nh5 18. Nxa8 Nxf4 19. gxf4 Bh6 20. d6 exd6 21. Bd5 Nf6 22. Bxf7+ Kxf7 23. Qc3 Ne8 24. Nb6 Be6 25.
Qe3 Qf6 26. Nd5 Bxd5 27. Qxe8+ Kg7 28. Qe7+ Bf7 29. Qxf6+ Kxf6 30. Re4 Bd5 31. Rd4 Bc6 32. Rxd6+ Kf5 33. Rxc6 bxc6 34. Rd1 Bxf4 35. Rd7 Be5 36. c3 h5 37. Ra7 Bf4 38. Rxa6 Bc1 39. Rxc6 Bxb2 40.
a4 1-0

[Event "Early-Titled-Tuesday-Blitz-January-16-2024"]
[Site "Chess.com"]
[Date "2024.01.16"]
[Round "4"]
[White "Maxfan2008"]
[Black "azikom"]
[Result "0-1"]
[WhiteElo "2495"]
[BlackElo "2682"]
[TimeControl "180+1"]
[EndTime "8:41:00 PST"]
[Termination "azikom won by checkmate"]

1. d4 d5 2. c4 e6 3. Nc3 c6 4. e4 dxe4 5. Nxe4 Bb4+ 6. Bd2 Qxd4 7. Bxb4 Qxe4+ 8. Be2 Na6 9. Bd6 Ne7 10. Qd2 c5 11. Nf3 Nf5 12. O-O Bd7 13. Bd3 Qg4 14. Ne5 Qd4 15.
Nxd7 Qxd6 16. Qg5 Qxd3 17. Rad1 Qxc4 18. Rfe1 Nd4 19. Ne5 Qd5 20. Qxg7 O-O-O 21. Qxf7 Kb8 22. Qf4 Nc7 23. Ng4 Rhf8 24. Qg3 Ne2+ 25. Rxe2 Qxd1+ 26. Re1 Qxe1# 0-1

[Event "Early-Titled-Tuesday-Blitz-January-16-2024"]
[Site "Chess.com"]
[Date "2024.01.16"]
[Round "4"]
[White "ErikRonka"]
[Black "dzilleruelo"]
[Result "0-1"]
[WhiteElo "2526"]
[BlackElo "2375"]
[TimeControl "180+1"]
[EndTime "8:41:03 PST"]
[Termination "dzilleruelo won on time"]

1. e4 c6 2. Nf3 d5 3. d3 Nf6 4. e5 Nfd7 5. d4 e6 6. c4 b6 7. Nc3 Ba6 8. cxd5 Bxf1 9. dxe6 Bxg2 10. exf7+ Kxf7 11. Ng5+ Ke8 12. Rg1 Bd5 13. Nxd5 cxd5 14.
Qf3 Bb4+ 15. Kd1 Qe7 16. Qxd5 h6 17. Ne6 Qf7 18. Be3 Qh5+ 19. f3 Qxh2 20. Nxg7+ Kd8 21. Ne6+ Ke8 22. Nc7+ Kd8 23. Nxa8 Qxb2 24. Rc1 Qa3 25. Rg8+ Rxg8 26. Qxg8+ Ke7 27. Qg7+ Ke8 28. Bxh6 Qd3+ 0-1

[Event "Early-Titled-Tuesday-Blitz-January-16-2024"]
[Site "Chess.com"]
[Date "2024.01.16"]
[Round "4"]
[White "ljuks68"]
[Black "VeraVujovic"]
[Result "0-1"]
[WhiteElo "2458"]
[BlackElo "2235"]
[TimeControl "180+1"]
[EndTime "8:41:03 PST"]
[Termination "VeraVujovic won by resignation"]

1. e4 e5 2. Nf3 Nc6 3. Bb5 Nf6 4. Qe2 a6 5. Ba4 b5 6. Bb3 Bc5 7. c3 d6 8. d3 O-O 9. Bg5 h6 10. Bh4 Be6 11. Bd5 Bxd5 12. exd5 Nb8 13. Nbd2 Nbd7 14. Ne4 Bb6 15. O-O-O a5 16. g4 g5 17. Bg3 Nxg4 18. h4 f5 19. hxg5 fxe4 20. Qxe4 Rxf3 21. Qxf3 Qxg5+ 22. Kb1 Rf8 23. Qe2 Bxf2 24. Bxf2 Rxf2 25. Qe4 Ndf6 26. Qe1 Nxd5 27. Rg1 Nde3 28. Rd2 Rxd2 29.
Qxd2 Kh7 30. a3 Qf5 31. Ka1 e4 32. dxe4 Qxe4 33. Rg3 Nf1 34. Rxg4 Nxd2 0-1

[Event "Early-Titled-Tuesday-Blitz-January-16-2024"]
[Site "Chess.com"]
[Date "2024.01.16"]
[Round "4"]
[White "Mikasinski"]
[Black "K_A_S_T_O_R"]
[Result "0-1"]
[WhiteElo "2607"]
[BlackElo "2905"]
[TimeControl "180+1"]
[EndTime "8:41:04 PST"]
[Termination "K_A_S_T_O_R won by resignation"]

1. d4 Nf6 2. c4 e6 3. Nf3 c5 4. e3 a6 5. Nc3 d5 6. cxd5 exd5 7. Be2 c4 8. O-O b5 9. Ne5 Bb7 10. Bf3 Bb4 11. a4 Bxc3 12. bxc3 O-O 13. axb5 axb5 14.
Rb1 Qb6 15. Qc2 Nc6 16. Ng4 Nxg4 17. Bxg4 Bc8 18. Bf3 Be6 19. e4 Ne7 20. Bg5 f6 21.
Be3 Qc6 22. Rb2 Ra5 23. h3 Qd7 24. Rfb1 dxe4 25. Bxe4 Bf5 26. Bxf5 Nxf5 27. Bf4 Ne7 28. Re1 Nd5 29. Bg3 Ra3 30. Qe4 Rxc3 31. Reb1 b4 32. Rxb4 Nxb4 33. Rxb4 Re8 34. Qf4 h5 35. Kh2 Rc2 36.
Qf3 h4 37. Bf4 Qxd4 38. Rb7 Rxf2 0-1

[Event "Early-Titled-Tuesday-Blitz-January-16-2024"]
[Site "Chess.com"]
[Date "2024.01.16"]
[Round "4"]
[White "Duhless"]
[Black "XDPS"]
[Result "1-0"]
[WhiteElo "3156"]
[BlackElo "2902"]
[TimeControl "180+1"]
[EndTime "8:41:05 PST"]
[Termination "Duhless won by resignation"]

1. d4 d5 2. Nf3 Nf6 3. Bf4 e6 4. e3 Bd6 5. Bg3 O-O 6. Nbd2 c5 7. c3 Qc7 8. Ne5 Nbd7 9. f4 Ne4 10. Nxe4 dxe4 11.
Nc4 Be7 12. f5 Qc6 13. fxe6 Qxe6 14. d5 Qh6 15. Bf4 Bg5 16. Qg4 Bxf4 17. Qxf4 Qxf4 18. exf4 f5 19. Ne3 Nf6 20. a4 Bd7 21. Bb5 Rad8 22. Bxd7 Rxd7 23. c4 Ne8 24. Ke2 Nd6 25. Rhg1 h5 26. h3 Kh7 27. Raf1 Rdf7 28. g4 fxg4 29. hxg4 Rxf4 30. Rxf4 Rxf4 31. gxh5 Rh4 32. Rg6 Rh2+ 33. Ke1 Nf7 34. Nf5 Ne5 35. Rxg7+ Kh8 36. Rxb7 Rxh5 37. Ng3 Rh3 38. Nf5 Rf3 39. Nd6 e3 40. Ke2 Rh3 41. Nf7+ Nxf7 42. Rxf7 Rh2+ 43. Kxe3 Rxb2 44. d6 1-0

[Event "Early-Titled-Tuesday-Blitz-January-16-2024"]
[Site "Chess.com"]
[Date "2024.01.16"]
[Round "4"]
[White "Superfelix"]
[Black "rikchessmx"]
[Result "0-1"]
[WhiteElo "2506"]
[BlackElo "2338"]
[TimeControl "180+1"]
[EndTime "8:41:05 PST"]
[Termination "rikchessmx won by resignation"]

1. e4 e5 2. Nf3 Nc6 3. d4 exd4 4. Nxd4 Nf6 5. Nc3 Bb4 6. Nxc6 bxc6 7. Bd3 d5 8. exd5 cxd5 9. O-O O-O 10. h3 h6 11. Qf3 Be6 12. Bf4 c5 13. a3 Bxc3 14. bxc3 c4 15. Be2 Ne4 16. Qe3 Qf6 17. f3 Nxc3 18. Be5 Nxe2+ 19. Qxe2 Qf5 20. Bd4 Rfe8 21.
Qd2 a5 22. c3 Qg5 23. f4 Qg6 24. g4 Bf5 25. Rfe1 Be4 26. f5 Bxf5 27. Ra2 Be4 28. Rb2 f5 29. Qf4 fxg4 30. Qxg4 Qxg4+ 31. hxg4 Rab8 32. Ree2 Kf7 33. Kh2 a4 34. Rb4 Kg6 35. Kg3 Rf8 36.
Rf2 Rxf2 37. Kxf2 Rxb4 38. cxb4 c3 39. Bxc3 d4 40. Bxd4 Bc6 41. Kg3 Bd7 42. Kf4 Kf7 43. g5 h5 44. Bf2 Ke6 45. Ke4 Bc6+ 46. Kd4 Kf5 47. Kc5 Be4 48. Kb5 Kxg5 49. Kxa4 Kg4 50. b5 g5 51. Kb4 h4 52. a4 Kf3 53. Bd4 h3 54. Be5 g4 55. a5 g3 56. a6 h2 57.
b6 h1=Q 0-1

[Event "Early-Titled-Tuesday-Blitz-January-16-2024"]
[Site "Chess.com"]
[Date "2024.01.16"]
[Round "4"]
[White "Bekkedahl"]
[Black "anasta10"]
[Result "0-1"]
[WhiteElo "2292"]
[BlackElo "2507"]
[TimeControl "180+1"]
[EndTime "8:41:05 PST"]
[Termination "anasta10 won by resignation"]

1. e4 g6 2. d4 Bg7 3. Nf3 d6 4. Bc4 c6 5. a4 Nf6 6. Nc3 O-O 7.
O-O Nxe4 8. Nxe4 d5 9. Bd3 dxe4 10. Bxe4 Nd7 11. c3 Nf6 12. Bc2 Qc7 13. Bg5 c5 14. dxc5 Qxc5 15. Qe2 Bg4 16. Be3 Qh5 17. h3 Bxf3 18.
Qxf3 Qxf3 19. gxf3 a6 20. Rfd1 e6 21. Rd6 Nd5 22. Bg5 h6 23. Bh4 Be5 24. Rd7 Rab8 25.
Bg3 Bxg3 26. fxg3 Rfc8 27. Be4 Nf6 28. Rxb7 Nxe4 29. Rxb8 Rxb8 30. fxe4 Rxb2 31. Rc1 Kf8 32. c4 Ke7 33. c5 Kd7 34. Rc4 Kc6 35. g4 a5 36. Kh1 Rb4 37. Rc2 Rxe4 38. Rf2 f5 39.
gxf5 gxf5 40. Rc2 Rxa4 41. Kg2 e5 42. Kf3 Ra3+ 43. Kg2 a4 44. Rc4 e4 45. Kf2 Ra2+ 46. Ke3 a3 47. Ra4 Kxc5 48. Ra5+ Kb4 49. Rxf5 Rh2 50. Rf8 Rxh3+ 51. Kd4 Rd3+ 52. Kxe4 Rd6 53. Rf2 Ra6 54. Ra2 Kb3 55. Ra1 a2 56. Kd3 Kb2 57. Rh1 a1=Q 58. Rh2+ Kb3 59. Rh3 Qc3+ 0-1

[Event "Early-Titled-Tuesday-Blitz-January-16-2024"]
[Site "Chess.com"]
[Date "2024.01.16"]
[Round "4"]
[White "GMRAVEN_ON_YOUTUBE"]
[Black "Zhigalko_Sergei"]
[Result "0-1"]
[WhiteElo "2821"]
[BlackElo "2959"]
[TimeControl "180+1"]
[EndTime "8:41:07 PST"]
[Termination "Zhigalko_Sergei won by checkmate"]

1. f4 d5 2. Nf3 Nf6 3. e3 g6 4. b3 Bg7 5. Bb2 O-O 6. Be2 c5 7. O-O d4 8. exd4 Nd5 9. Ne5 cxd4 10. Bxd4 Nd7 11. Bf3 Nxf4 12. Qe1 Qc7 13. Nc3 Bxe5 14.
Bxe5 Qxe5 15. Qg3 Ne6 16. Nd5 Re8 17. Rae1 Qxg3 18. hxg3 Nf6 19. Nxf6+ exf6 20. d4 Rd8 21. d5 Nd4 22. c4 Nxf3+ 23. Rxf3 f5 24. Re7 Bd7 25.
Kf2 Kf8 26. Re1 Re8 27. Rh1 h5 28. a4 a5 29. Rd1 Rac8 30. Rd2 b6 31. Re3 Rxe3 32.
Kxe3 Re8+ 33. Kd3 Ke7 34. b4 axb4 35. a5 bxa5 36. c5 Bb5+ 37. Kd4 Kd7 38. d6 Re4+ 39. Kd5 Bc6# 0-1

[Event "Early-Titled-Tuesday-Blitz-January-16-2024"]
[Site "Chess.com"]
[Date "2024.01.16"]
[Round "4"]
[White "CristianS27"]
[Black "Jumbo"]
[Result "0-1"]
[WhiteElo "2612"]
[BlackElo "2924"]
[TimeControl "180+1"]
[EndTime "8:41:07 PST"]
[Termination "Jumbo won on time"]

1. e4 c5 2. Nf3 d6 3. d4 cxd4 4. Nxd4 Nf6 5. Nc3 Nc6 6. Be3 Ng4 7. Bb5 Bd7 8. Nxc6 bxc6 9. Bxc6 Bxc6 10. Qxg4 Rb8 11.
O-O g6 12. Bxa7 Rb7 13. Bd4 e5 14. Be3 Rxb2 15. Rab1 Rxb1 16. Rxb1 Bg7 17. Bg5 Qc7 18. Nb5 Bxb5 19. Rxb5 O-O 20. Qe2 Ra8 21. c4 h6 22.
Be3 Ra4 23. f3 Rxc4 24. h4 Rc2 25. Qd1 Rxa2 26. Qd5 Qc2 0-1

[Event "Early-Titled-Tuesday-Blitz-January-16-2024"]
[Site "Chess.com"]
[Date "2024.01.16"]
[Round "4"]
[White "Goryachkina"]
[Black "SergioMoralesG"]
[Result "1-0"]
[WhiteElo "2665"]
[BlackElo "2435"]
[TimeControl "180+1"]
[EndTime "8:41:07 PST"]
[Termination "Goryachkina won on time"]

1. e4 c5 2. Nf3 e6 3. g3 d5 4.
exd5 exd5 5. d4 Nc6 6. Bg2 Bg4 7. O-O cxd4 8. h3 Bxf3 9. Qxf3 Nf6 10. Bg5 Be7 11.
Bxf6 Bxf6 12. Re1+ Kf8 13. Nd2 g6 14. Qxd5 Kg7 15.
Qb5 Qc7 16. Ne4 Be7 17. a3 Rhe8 18. Rad1 a6 19. Qb3 Na5 20. Qd3 Red8 21. Nd2 Bf6 22. b4 Nc6 23. Ne4 Be7 24. Qe2 Re8 25. Qc4 Rac8 26. Nc5 Ne5 27. Qxd4 Bxc5 28. bxc5 Qxc5 29.
Qa1 f6 30. Bxb7 Rc7 31. Bg2 Rec8 32. Qb2 Qxc2 33. Qb6 1-0

[Event "Early-Titled-Tuesday-Blitz-January-16-2024"]
[Site "Chess.com"]
[Date "2024.01.16"]
[Round "4"]
[White "Mihajlovskij"]
[Black "Predator0608"]
[Result "0-1"]
[WhiteElo "2225"]
[BlackElo "2470"]
[TimeControl "180+1"]
[EndTime "8:41:07 PST"]
[Termination "Predator0608 won by resignation"]

1. e4 d6 2. d4 e6 3. Nc3 Nd7 4. Nf3 Ne7 5. g3 b6 6. Bg2 Bb7 7. Bf1 g6 8. Bg2 Bg7 9. O-O O-O 10. Qe2 a6 11. Rd1 b5 12. Bg5 h6 13. Bxe7 Qxe7 14.
Qe3 Nb6 15. b3 c5 16. dxc5 dxc5 17. Rac1 Rfd8 18. h4 Qc7 19. Ne2 c4 20. h5 g5 21.
Nh2 Qc6 22. f4 Bf8 23. Kh1 Be7 24. Ng4 Kh7 25. Nd4 Qc5 26. c3 gxf4 27. Qxf4 Qxh5+ 28. Kg1 Bg5 29. Qf3 Qg6 30. Ne5 Qg7 31. Qxf7 Qxf7 32.
Nxf7 Bxc1 33. Rxc1 Rf8 34. Nd6 Ra7 35. Nxe6 Rf6 36.
Nxb7 Rxe6 37. Nc5 Re5 38. b4 Rg7 39. Rd1 Rxg3 40. Kh2 Rxc3 41. Rd6 Na4 42. Nd7 Rh5+ 43. Kg1 Rc1+ 44. Kf2 Rc2+ 45. Kg1 Rg5 46. Nf6+ Kg7 0-1